 Dungeon Crawl Stone Soup version 0.24-a0-274-gb3763e6d51 (webtiles) character file.

Game seed: 18145721113334868231

18 HAL9000 the Sneak (level 2, -2/15 HPs)
             Began as a Vine Stalker Assassin on Apr 26, 2019.
             Slain by an adder (3 damage)
             ... on level 2 of the Dungeon.
             The game lasted 00:01:52 (777 turns).

HAL9000 the Sneak (Vine Stalker Assassin)            Turns: 777, Time: 00:01:53

Health: -2/15      AC:  3    Str: 13    XL:     2   Next: 70%
Magic:  0/3        EV: 11    Int: 11    God:
Gold:   64         SH:  0    Dex: 15    Spells: 1/1 levels left

rFire    . . .     SeeInvis .   a - +2 dagger
rCold    . . .     Gourm    .   (no shield)
rNeg     . . .     Faith    .   c - +0 robe
rPois    +         Spirit   +   (no helmet)
rElec    .         Reflect  .   d - +0 cloak
rCorr    .         Harm     .   (no gloves)
MR       .....                  (no boots)
Stlth    +++.......             (no amulet)
HPRegen  0.05/turn              k - ring of poison resistance
MPRegen  0.08/turn              (no ring)

@: no status effects
A: fangs 2, magic shield, antimagic bite, no potion heal 3, rot immunity
a: no special abilities


You were on level 2 of the Dungeon.
You were not hungry.

You visited 1 branch of the dungeon, and saw 2 of its levels.

You collected 64 gold pieces.

Inventory:

Hand Weapons
 a - a +2 dagger (weapon)
 b - a +0 blowgun
Missiles
 e - 20 poisoned needles
 f - 2 curare-tipped needles
 o - 7 tomahawks (quivered)
Armour
 c - a +0 robe (worn)
 d - a +0 cloak (worn)
Jewellery
 k - a ring of poison resistance (left hand)
Scrolls
 h - a scroll of immolation {unknown}
 j - 2 scrolls of teleportation {unknown}
 l - 3 scrolls of remove curse {unknown}
 m - a scroll of amnesia {unknown}
 q - a scroll of random uselessness {unknown}
 r - a scroll of enchant armour {unknown}
 t - a scroll of enchant weapon {unknown}
Potions
 i - a potion of flight {unknown}
 n - a potion of mutation {unknown}
 p - 2 potions of heal wounds {unknown}
 s - a potion of curing {unknown}
Comestibles
 g - 2 rations


   Skills:
 - Level 1.7 Fighting
 + Level 1.9 Short Blades
 + Level 1.8 Throwing
 - Level 0.7 Dodging
 + Level 5.7 Stealth


You had one spell level left.
You didn't know any spells.
Your spell library was empty.

Dungeon Overview and Level Annotations

Branches:
Dungeon (2/15)

Altars:


Innate Abilities, Weirdness & Mutations

You have extremely sharp teeth.
When hurt, damage is shared between your health and your magic reserves.
Your bite disrupts and absorbs the magic of your enemies.
Potions cannot restore your health.
You are immune to rotting.


Message History

* * * LOW HITPOINT WARNING * * *
You hit the worm. You bite the worm. You drain its power.
You feel invigorated.
The worm is severely wounded.
You hit the worm but do no damage. You bite the worm. You drain its power.
You feel invigorated.
The worm is almost dead.
The worm barely misses you.
You completely miss the worm. You bite the worm, but do no damage.
The worm is almost dead.
You hit the worm.
You kill the worm!
You start resting.
An adder comes into view.
A worm comes into view.
You see here a poisoned needle.
The adder hisses angrily.
The adder bites you.
* * * LOW HITPOINT WARNING * * *
The adder bites you.
You die...

#...# #.# #...#
#...# #...#
.#####...######.
................
....%.(.........
.....$..........
.#####.S@###.##
#†..# ## #...#
#...# #.(.#
##.## ..# #.(.
#.##


You could see an adder.

Vanquished Creatures
  A worm (D:2)
  A leopard gecko (D:2)
  A giant cockroach (D:1)
  3 hobgoblins (D:1)
  3 kobolds (D:1)
  A bat (D:1)
  2 frilled lizards (D:1)
  4 rats
16 creatures vanquished.

Notes
Turn   | Place    | Note
-------+----------+-------------------------------------------
     0 | D:1      | HAL9000 the Vine Stalker Assassin began the quest for the
                  | Orb.
     0 | D:1      | Reached XP level 1. HP: 11/11 MP: 2/2
   129 | D:1      | Reached skill level 5 in Stealth
   255 | D:1      | Reached XP level 2. HP: 13/15 MP: 3/3
   777 | D:2      | Slain by an adder

Levels and vault maps discovered:
D:1:      roderic_dead_forest, layout_loops_ring
D:2:      layout_loops_cross, lemuel_doored_altar, zin_angel,
          minmay_misc_feat_square

Skill      XL: |  1 |
---------------+----+-----
Stealth        | 5 |  5.7
Fighting       | |  1.7
Short Blades   | |  1.9
Throwing       | |  1.8
Dodging        | |  0.7

Action                   || total
-------------------------++-------
Melee: Dagger            ||    44
       Bite              ||    11
 Fire: Blowgun           ||     2
 Stab: Sleeping          ||     3
Armor: Robe              ||     9
Dodge: Dodged            ||    19

Table legend:
 A = Non-vault XP
 B = Vault XP
 C = Vault XP percentage of total XP
 D = Non-vault monster count
 E = Vault monster count
 F = Vault count percentage of total count
                 A         B        C        D         E       F
            +---------+---------+-------+---------+---------+-------
      Total |      27 |       0 |   0.0 |      16 |       0 |   0.0
            +---------+---------+-------+---------+---------+-------
        D:1 |      18 |       0 |   0.0 |      13 |       0 |   0.0
        D:2 |       9 |       0 |   0.0 |       3 |       0 |   0.0
            +---------+---------+-------+---------+---------+-------
